 Dungeon Crawl Stone Soup version 0.28.0-43-g3370ac3207 (webtiles) character file.

Game seed: 10765064797545483926

652 Cykl0x the Digger (level 7, -4/37 HPs)
             Began as a Gargoyle Earth Elementalist on Mar 1, 2022.
             Slain by Duvessa
             ... wielding a +0 short sword
              (17 damage)
             ... on level 4 of the Dungeon.
             The game lasted 00:09:07 (5200 turns).

Cykl0x the Digger (Gargoyle Earth Elementalist)     Turns: 5200, Time: 00:09:07

Health: -4/37      AC:  8    Str: 11    XL:     7   Next: 54%
Magic:  3/13       EV: 11    Int: 18    God:
Gold:   116        SH:  0    Dex: 10    Spells: 10/14 levels left

rFire   . . .      SeeInvis .   i - +0 short sword
rCold   . . .      Faith    .   (no shield)
rNeg    + . .      Spirit   .   k - +0 leather armour
rPois   ∞          Reflect  .   l - +0 helmet
rElec   +          Harm     .   (no cloak)
rCorr   .          Rampage  .   (no gloves)
Will    .....                   (no boots)
Stlth   ++........              (no amulet)
HPRegen 0.12/turn               (no ring)
MPRegen 0.13/turn               (no ring)

@: hasted, very quick
A: sickness immunity, AC +4, negative energy resistance 1, electricity
resistance, torment resistance 1, petrification resistance
a: no special abilities


You were on level 4 of the Dungeon.
You visited 1 branch of the dungeon, and saw 4 of its levels.

You collected 116 gold pieces.

Inventory:

Hand Weapons
 a - a +0 dagger
 i - a +0 short sword (weapon)
Missiles
 f - 43 stones
Armour
 b - a +0 robe
 k - a +0 leather armour (worn)
 l - a +0 helmet (worn)
Jewellery
 g - a +4 ring of protection
Wands
 m - a wand of digging (3)
Scrolls
 p - 2 scrolls of enchant weapon
 q - a scroll of identify
Potions
 d - 2 potions of curing
 e - 2 potions of heal wounds {unknown}
 h - a potion of cancellation {unknown}
 j - a potion of invisibility {unknown}
 n - a potion of ambrosia {unknown}
 o - a potion of degeneration {unknown}


   Skills:
 + Level 0.8 Fighting
 + Level 1.1 Short Blades
 + Level 2.1 Dodging
 - Level 2.1 Stealth
 + Level 4.3 Spellcasting
 * Level 4.2 Conjurations
 - Level 0.7 Transmutations
 + Level 6.6 Earth Magic


You had 10 spell levels left.
You knew the following spells:

 Your Spells              Type           Power      Damage    Failure   Level
a - Sandblast             Erth           54%        2d13      1%          1
b - Stone Arrow           Conj/Erth      46%        3d9       6%          3

Your spell library contained the following spells:

 Spells                   Type           Power      Damage    Failure   Level
 Passwall                 Tmut/Erth      14%        N/A       6%          2
 Slow                     Hex            12%        N/A       19%         1
 Petrify                  Tmut/Erth      17%        N/A       38%         4
 Confusing Touch          Hex            3%         N/A       50%         3
 Tukima's Dance           Hex            3%         N/A       50%         3
 Vampiric Draining        Necr           3%         2d6       50%         3
 Anguish                  Hex/Necr       1%         N/A       88%         4
 Enfeeble                 Hex            1%         N/A       100%        7


Dungeon Overview and Level Annotations

Branches:
Dungeon (4/15)
 Temple: D:4-7

Altars:

Annotations:
D:4 Duvessa


Innate Abilities, Weirdness & Mutations

You are immune to sickness and miasma.
Your stone body is resilient. (AC +4)
You are immune to poison.
You resist negative energy. (rN+)
You are resistant to electric shocks. (rElec)
You are resistant to unholy torment.
You are immune to petrification.


Message History

There is an open door here.
There is an open door here.
There is an open door here.
Duvessa, Sister of Dowan comes into view.
She is wielding a +0 short sword and carrying a wand of polymorph (4).
The stone arrow hits Dowan!
Dowan is heavily wounded.
Dowan shouts!
You hear a shout!
Dowan gestures at you while chanting.
You are outlined in light.
The stone arrow hits Dowan.
Dowan is heavily wounded.
Duvessa zaps a wand.
You resist with some effort.
The stone arrow misses Dowan.
Okay, then.
There is an open door here.
Dowan points at you and mumbles some strange words.
The puff of frost misses you.
The stone arrow hits Dowan!
You kill Dowan!
You hear a distant scream of rage.
Duvessa goes berserk!
Duvessa rages.
You are no longer glowing.
Duvessa hits you with a +0 short sword!
The stone arrow hits Duvessa!
Duvessa is moderately wounded.
Duvessa hits you with a +0 short sword.
Duvessa rages.
Duvessa hits you with a +0 short sword.
* * * LOW HITPOINT WARNING * * *
You feel yourself speed up. Duvessa hits you but does no damage.
Duvessa barely misses you.
Duvessa rages.
Duvessa rages.
A kobold comes into view. It is wielding a +1 dagger of venom.
The kobold moves out of view.
Duvessa rages.
The kobold shouts!
Duvessa hits you with a +0 short sword!
You die...

#..#..#.# #.###.# ..
#..#..#.# #...#.#..#
......#.# #...#.#..#
.....##.####........
.....##..........#
.................#
.#..###...(......#
................>#
.....<#...).....@# #
........###..#.e.#.#
....###..........#.#
.............[.....#
.................###
#...###..##...#..####
#........[.......##.#
................K##.##
#.#.###..##.#........#


You could see Duvessa (berserk) and a kobold.

Vanquished Creatures
  A phantom (D:4)
  A scorpion (D:4)
  Dowan (D:4)
  2 howler monkeys (D:4)
  A jelly (D:4)
  A hound (D:4)
  2 iguanas (D:4)
  Natasha (D:2)
  An orc wizard (D:3)
  2 hound skeletons (D:4)
  7 gnolls
  5 adders
  2 worms
  4 orcs (D:3)
  6 bats
  9 endoplasms
  9 giant cockroaches
  7 goblins
  5 hobgoblins
  3 quokkas
  3 ball pythons
  5 frilled lizards
  10 kobolds
  7 rats
95 creatures vanquished.

Notes
Turn   | Place    | Note
-------+----------+-------------------------------------------
     0 | D:1      | Cykl0x the Gargoyle Earth Elementalist began the quest for
                  | the Orb.
     0 | D:1      | Reached XP level 1. HP: 10/10 MP: 3/3
   472 | D:1      | Reached skill level 4 in Earth Magic
   533 | D:1      | Reached XP level 2. HP: 15/15 MP: 3/5
   638 | D:1      | Found a faded altar of an unknown god.
   825 | D:1      | Reached skill level 1 in Conjurations
   975 | D:1      | Reached XP level 3. HP: 19/19 MP: 4/6
   979 | D:1      | Learned a level 3 spell: Stone Arrow
  1739 | D:2      | Noticed Natasha
  1741 | D:2      | Killed Natasha
  1742 | D:2      | Reached XP level 4. HP: 24/24 MP: 3/7
  2660 | D:3      | Reached XP level 5. HP: 28/28 MP: 1/9
  2943 | D:3      | Identified the +3 ring mail of Spite {rPois rN+ Int-3}
  3026 | D:3      | Reached skill level 5 in Earth Magic
  3792 | D:4      | Reached XP level 6. HP: 33/33 MP: 5/10
  4222 | D:4      | Reached XP level 7. HP: 37/37 MP: 6/13
  4451 | D:4      | Reached skill level 6 in Earth Magic
  4557 | D:4      | Reached skill level 1 in Short Blades
  4566 | D:4      | Noticed Dowan
  5154 | D:4      | Noticed Duvessa
  5164 | D:4      | Killed Dowan
  5200 | D:4      | Slain by Duvessa

Illustrated notes

Levels and vault maps discovered:
D:1:      shiori_shiawase, layout_basic, shapermc_ecumenical_altar_flowoftime,
          minmay_worlds_worst_comb
D:2:      layout_loops_cross, uniq_natasha
D:3:      layout_basic
D:4:      minmay_skewed_foursquare, layout_basic, mainiacjoe_overflow_swirl,
          uniq_duvessa

Skill      XL: |  1  2  3  4  5  6  7 |
---------------+----------------------+-----
Earth Magic    | 4 5 6 |  6.6
Conjurations   | 1 2 3 4 |  4.2
Spellcasting   | 3 4 |  4.3
Dodging        | 2 |  2.1
Short Blades   | 1 |  1.1
Fighting       | |  0.8
Stealth        | |  2.1
Transmutations | |  0.7

Action                   |  1- 3 |  4- 6 |  7- 9 || total
-------------------------+-------+-------+-------++-------
Melee: Unarmed           |    27 |       |       ||    27
       Dagger            |    29 |       |       ||    29
       Punch             |     1 |       |       ||     1
       Short sword       |       |    30 |    11 ||    41
 Cast: Sandblast         |    30 |    32 |     4 ||    66
       Stone Arrow       |     9 |    38 |    22 ||    69
  Use: Scroll            |     1 |     3 |     2 ||     6
       Potion            |       |       |     1 ||     1
Armor: Robe              |    35 |    14 |     3 ||    52
       Leather armour    |       |       |     1 ||     1
Dodge: Dodged            |    50 |    35 |    11 ||    96
